 Dungeon Crawl Stone Soup version 0.30-b1-2-g02819fbbbe (webtiles) character file.

Game seed: 4822832863274656182

67 Alarkh the Trooper (level 3, -2/30 HPs)
             Began as a Demonspawn Artificer on Nov 26, 2023.
             Killed by divine providence
             ... invoked by an orc priest
              (13 damage)
             ... on level 3 of the Dungeon.
             The game lasted 00:02:24 (1746 turns).

Alarkh the Trooper (Demonspawn Artificer)           Turns: 1746, Time: 00:02:24

Health: -2/30      AC:  9    Str: 12    XL:     3   Next: 98%
Magic:  3/3        EV:  9    Int: 14    God:
Gold:   184        SH:  0    Dex: 13    Spells: 2/2 levels left

rFire   . . .        a - +0 dagger (elec)
rCold   . . .        (no shield)
rNeg    . . .        j - +3 scale mail
rPois   .            (no helmet)
rElec   .            (no cloak)
rCorr   .            (no gloves)
SInv    .            (no boots)
Will    .....        (no amulet) Stlth
                     (no ring)
HPRegen 0.25/turn    (no ring)
MPRegen 0.08/turn

%: no passive effects
@: no status effects
A: demonic magic 1
a: no special abilities


You were on level 3 of the Dungeon.
You visited 1 branch of the dungeon, and saw 3 of its levels.

You collected 184 gold pieces.

Inventory:

Hand Weapons
 a - a +0 dagger of electrocution (weapon)
 k - a +0 short sword
 n - a +0 dagger of speed
 p - a +0 rapier
Armour
 b - a +0 leather armour
 j - a +3 scale mail (worn)
Magical Staves
 o - a staff of fire
Wands
 c - a wand of flame (15) (quivered)
 d - a wand of charming (15)
 e - a wand of iceblast (5)
Scrolls
 f - a scroll of brand weapon {unknown}
 g - a scroll of poison {unknown}
 h - 2 scrolls of immolation {unknown}
 q - a scroll of teleportation {unknown}
 s - 2 scrolls of identify {unknown}
 t - a scroll of enchant weapon {unknown}
Potions
 i - a potion of lignification {unknown}
 l - a potion of might {unknown}
 m - a potion of haste {unknown}
 r - 2 potions of mutation {unknown}


   Skills:
 + Level 3.9 Fighting
 - Level 1.7 Armour
 - Level 0.8 Dodging
 - Level 0.8 Stealth
 - Level 3.0 Evocations


You had 2 spell levels left.
You didn't know any spells.
Your spell library contained the following spells:

 Spells                   Type           Power      Damage    Failure   Level
 Sandblast                Erth           0%         2d4       83%         1
 Passwall                 Tmut/Erth      0%         N/A       92%         2
 Inner Flame              Hex/Fire       0%         N/A       99%         3
 Stone Arrow              Conj/Erth      0%         3d7       99%         3
 Yara's Violent Unravell  Hex/Tmut       0%         3d3       100%        5
 Enfeeble                 Hex            0%         N/A       100%        7


Dungeon Overview and Level Annotations

Branches:
Dungeon (3/15)

Altars:


Innate Abilities, Weirdness & Mutations

Spells you cast may paralyse adjacent enemies.


Message History

The orc priest is lightly wounded.
The orc priest barely misses you.
You hit the orc priest but do no damage.
Lightning courses through the orc priest!
The orc priest is heavily wounded.
The orc priest barely misses you.
You hit the orc priest but do no damage.
The orc priest is heavily wounded.
The orc priest hits you with a +0 trident.
You completely miss the orc priest.
The orc priest is heavily wounded.
The orc priest looks encouraged for a moment.
You hit the orc priest.
The orc priest is severely wounded.
The orc priest closely misses you.
You barely miss the orc priest.
The orc priest is severely wounded.
The orc priest hits you with a +0 trident.
You closely miss the orc priest.
The orc priest is severely wounded.
The orc priest miscasts a cantrip.
You barely miss the orc priest.
The orc priest is severely wounded.
The orc priest hits you but does no damage.
You hit the orc priest but do no damage.
The orc priest is severely wounded.
The orc priest calls down the wrath of Beogh upon you.
Beogh smites you!
You are too injured to fight recklessly!
You are too injured to fight recklessly!
You are too injured to fight recklessly!
You are too injured to fight recklessly!
You closely miss the orc priest.
The orc priest is severely wounded.
The orc priest barely misses you.
You barely miss the orc priest.
The orc priest is severely wounded.
The orc priest invokes the aid of Beogh against you.
Beogh smites you!
You die...

#.#######....##
#...>.........#
##########....#
#..#.# #..#.#
#..#.# #..#.###
#..#.#.#.#
#...)@...#
#.....o......
###.......[..
##.....####
##...## ##.##
##


You could see an orc priest.

Vanquished Creatures
  2 adders (D:2)
  2 worms (D:2)
  A dart slug (D:2)
  4 orcs (D:3)
  An endoplasm (D:2)
  A giant cockroach (D:2)
  7 goblins
  2 kobolds (D:1)
  2 quokkas
  5 ball pythons (D:1)
  6 bats
  A frilled lizard (D:1)
  2 rats (D:1)
36 creatures vanquished.

Vanquished Creatures (others)
  4 plants
4 creatures vanquished.

Grand Total: 40 creatures vanquished

Notes
Turn   | Place    | Note
-------+----------+-------------------------------------------
     0 | D:1      | Alarkh the Demonspawn Artificer began the quest for the
                  | Orb.
     0 | D:1      | Reached XP level 1. HP: 15/15 MP: 1/1
   317 | D:1      | Gained mutation: Spells you cast may paralyse adjacent
                  | enemies. [demonic ancestry]
   317 | D:1      | Reached XP level 2. HP: 15/22 MP: 2/2
  1113 | D:2      | Reached XP level 3. HP: 27/29 MP: 3/3
  1516 | D:2      | Found a faded altar of an unknown god.
  1746 | D:3      | Killed from afar by an orc priest

Illustrated notes

Levels and vault maps discovered:
D:1:      dpeg_arrival_rooms_b, layout_basic, serial_bayou_crossing
D:2:      layout_basic, hellmonk_ecumenical_altar_lost_god,
          serial_bayou_lagoon_b
D:3:      layout_loops_ring, minmay_misc_feat_ornament

Skill      XL: |  1  2 |
---------------+-------+-----
Fighting       | 2 3 |  3.9
Armour         | |  1.7
Dodging        | |  0.8
Stealth        | |  0.8
Evocations     | |  3.0

Action                     || total
---------------------------++-------
  Melee: Dagger            ||   138
         Club              ||     5
         Punch             ||     2
         Short sword       ||    16
   Stab: Sleeping          ||     1
 Armour: Leather armour    ||    35
         Scale mail        ||    28
  Dodge: Dodged            ||   104
